 Dungeon Crawl Stone Soup version 0.29-a0-1009-g60c99734e7 (webtiles) character file.

Game seed: 14575958085673344831

23032 Zonian the Zephyrmancer (level 13, -3/74 HPs)
             Began as a Tengu Air Elementalist on Aug 7, 2022.
             Was an Initiate of Gozag.
             Killed by their own static electricity (5 damage)
             ... on level 2 of the Lair of Beasts on Aug 8, 2022.
             The game lasted 00:52:04 (26365 turns).

Zonian the Zephyrmancer (Tengu Air Elementalist)   Turns: 26365, Time: 00:52:04

Health: -3/74      AC:  6    Str: 10    XL:     13   Next: 4%
Magic:  11/24      EV: 23    Int: 17    God:    Gozag
Gold:   1176       SH: 13    Dex: 19    Spells: 8/25 levels left

rFire   . . .      SeeInvis .   m - +2 demon trident
rCold   . . .      Faith    .   D - +3 buckler
rNeg    . . .      Spirit   .   Q - +4 robe of the Hart {Str+2 Archmagi}
rPois   .          Reflect  +   (helmet restricted)
rElec   .          Harm     .   r - scarf {shadows}
rCorr   .          Rampage  .   (no gloves)
Will    .....      Archmagi +   (boots unavailable)
Stlth   +++++.....              w - amulet of reflection
HPRegen 0.22/turn               E - ring of wizardry
MPRegen 0.19/turn               L - ring of wizardry

@: flying quickly and evasively, quick
A: beak, talons 3, nimble flight
a: Renounce Religion, Potion Petition, Call Merchant, Bribe Branch


You were on level 2 of the Lair of Beasts.
You worshipped Gozag.
Gozag was most pleased with you.
You visited 2 branches of the dungeon, and saw 13 of its levels.

You collected 3083 gold pieces.
You spent 450 gold pieces at shops.
You paid 1457 gold pieces to Gozag.

Inventory:

Hand Weapons
 d - a +0 dagger
 e - a +1 short sword
 f - a +0 sling
 m - a +2 demon trident (weapon)
 o - a +1 short sword of protection
 y - a +0 shortbow
 F - a +0 rapier
 I - a +2 dagger of electrocution
Missiles
 J - a curare-tipped dart
Armour
 a - a +1 robe
 r - a scarf of shadows (worn)
 t - the +2 leather armour of Meqeypre {Regen+}
   (You bought it in a shop on level 5 of the Dungeon)

   Regen:     It increases your rate of health regeneration.
 D - a +3 buckler (worn)
 K - the +0 robe of the Forgotten Knives {-Tele rF+++ Regen+ Int+2 Dex+4}
   (You found it on level 8 of the Dungeon)

   Int:       It affects your intelligence (+2).
   Dex:       It affects your dexterity (+4).
   rF:        It renders you almost immune to fire.
   -Tele:     It prevents most forms of teleportation.
   Regen:     It increases your rate of health regeneration.
 P - the +4 ring mail of Infinity {rN+ Int+7 Dex-3 Slay+3}
   (You found it on level 2 of the Lair of Beasts)

   Int:       It affects your intelligence (+7).
   Dex:       It affects your dexterity (-3).
   Slay:      It affects your accuracy & damage with ranged weapons and melee
   (+3).
   rN:        It protects you from negative energy.
 Q - the +4 robe of the Hart (worn) {Str+2 Archmagi}
   (You found it on level 2 of the Lair of Beasts)

   Str:       It affects your strength (+2).
   Archmagi:  It increases the power of your magical spells.
Jewellery
 k - an amulet of the acrobat
 w - an amulet of reflection (around neck)
 E - a ring of wizardry (left hand)
 L - a ring of wizardry (right hand)
Wands
 g - a wand of iceblast (3)
 u - a wand of flame (36)
 z - a wand of mindburst (11)
 G - a wand of digging (6)
 N - a wand of charming (6)
Scrolls
 i - a scroll of vulnerability
 l - 2 scrolls of butterflies
 p - a scroll of teleportation
 x - a scroll of blinking
 B - a scroll of magic mapping
Potions
 b - a potion of magic
 c - 3 potions of brilliance
 h - 3 potions of might
 j - 2 potions of haste
 q - 3 potions of lignification
 s - 2 potions of mutation
 v - 4 potions of curing
 A - 2 potions of flight
 C - a potion of resistance
 O - a potion of heal wounds {unknown}
Miscellaneous
 M - a box of beasts (inert)


   Skills:
 + Level 5.7 Fighting
 - Level 4.4 Short Blades
 * Level 7.4 Polearms
 - Level 11.5 Dodging
 - Level 11.4 Stealth
 + Level 1.6 Shields
 + Level 6.7 Spellcasting
 - Level 5.0 Conjurations
 - Level 12.9 Air Magic


You had 8 spell levels left.
You knew the following spells:

 Your Spells              Type           Power      Damage    Failure   Level
a - Shock                 Conj/Air       100%       1d9       1%          1
b - Static Discharge      Conj/Air       53%        3-10/arc  1%          2
c - Swiftness             Air            65%        N/A       1%          3
d - Airstrike             Air            32%        2d(5-21)  1%          4
e - Poisonous Vapours     Pois/Air       82%        N/A       1%          2
f - Lightning Bolt        Conj/Air       26%        1d42      3%          5

Your spell library contained the following spells:

 Spells                   Type           Power      Damage    Failure   Level
 Foxfire                  Conj/Fire      84%        2x1d8     1%          1
 Summon Lightning Spire   Summ/Air       41%        N/A       3%          4
 Slow                     Hex            32%        N/A       4%          1
 Sting                    Tmut/Pois      32%        1d4       4%          1
 Conjure Flame            Conj/Fire      21%        6-21      4%          3
 Confusing Touch          Hex            8%         N/A       13%         3
 Inner Flame              Hex/Fire       8%         N/A       13%         3
 Vampiric Draining        Necr           8%         2d6       13%         3
 Flame Wave               Conj/Fire      21%        2d8       16%         4
 Leda's Liquefaction      Hex/Erth       4%         N/A       36%         4
 Olgreb's Toxic Radiance  Pois           8%         N/A       36%         4
 Lee's Rapid Deconstruct  Erth           4%         3d6*      69%         5
 Statue Form              Tmut/Erth      5%         N/A       99%         6


Dungeon Overview and Level Annotations

Branches:
Dungeon (11/15)            Temple (0/1) D:6            Lair (2/5) D:11
  Snake (0/4) Lair:2          Orc (0/2) D:9
  Swamp: Lair:2-3    Shoals: Lair:2-3

Altars:
Cheibriados
Dithmenos
Gozag
Hepliaklqana
Kikubaaqudgha
Nemelex Xobeh
Okawaru
Qazlal
Trog
Uskayaw
Vehumet
Wu Jian
Xom
Yredelemnul
Zin
The Shining One

Shops:
D:5 [

Annotations:
D:4 2 runed translucent doors
D:8 1 runed translucent door, xian's ghost, novice VSCj
D:9 2 transporters
D:11 Snorg
Lair:2 Urug


Innate Abilities, Weirdness & Mutations

You have a beak for a mouth.
You have claws for feet.
Your magical nature lets you fly swiftly and evasively.


Message History

Confirm with . or Enter, or press ? or * to list all spells.
You feel a surge of power!
The elephant is struck by an arc of lightning!
The elephant is lightly wounded.
You are struck by an arc of lightning.
The elephant is struck by an arc of lightning.
The elephant is moderately wounded.
You are struck by an arc of lightning.
* * * LOW HITPOINT WARNING * * *
The lightning grounds out.
You block the elephant's attack. x2
Unknown command.
Casting: Static Discharge (safe; 1% risk of failure)
Confirm with . or Enter, or press ? or * to list all spells.
You feel a surge of power!
The elephant is struck by an arc of lightning.
The elephant is moderately wounded.
You are struck by an arc of lightning.
* * * LOW HITPOINT WARNING * * *
The elephant is struck by an arc of lightning!
The elephant is heavily wounded.
You are struck by an arc of lightning.
* * * LOW HITPOINT WARNING * * *
The lightning grounds out.
You block the elephant's attack. The elephant barely misses you.
Casting: Static Discharge (safe; 1% risk of failure)
Confirm with . or Enter, or press ? or * to list all spells.
You feel a surge of power!
The elephant is struck by an arc of lightning!
The elephant is heavily wounded.
You are struck by an arc of lightning.
* * * LOW HITPOINT WARNING * * *
The elephant is struck by an arc of lightning!
The elephant is severely wounded.
You are struck by an arc of lightning.
* * * LOW HITPOINT WARNING * * *
The elephant is struck by an arc of lightning!
The elephant is almost dead.
You are struck by an arc of lightning.
You die...
Your body crumbles into a pile of gold.

..>.##...######...#...P.......#..
..P.....).#.......#...........#..
...............#.Y...........###.
.....###.....#.#............###..
##..## ####...###............##..
##.# ##### #................
##.## ##.(............. #...#
##Y$....>......... #...#
#@#..............# ##..#
####.............. ...#
#.............. ....
##............. ####.k
#.............. ..
###............ #............ $
##.......#### ###..#..#


You could see an elephant.

Vanquished Creatures
  A hydra (Lair:2)
  4 two-headed ogres
  Amaemon (Lair:2)
  An ugly thing (D:7)
  Maurice (D:11)
  13 elephants
  5 black mambas
  An orange demon (Lair:2)
  2 cane toads (Lair:1)
  A kobold demonologist (D:10)
  4 komodo dragons
  A troll (D:7)
  A hornet (Lair:2)
  Prince Ribbit (D:8)
  A wraith (D:11)
  21 yaks
  2 basilisks
  2 vampire mosquitoes (D:10)
  2 steam dragons (D:9)
  Menkaure (D:5)
  3 wargs
  An acid dragon (D:9)
  11 water moccasins
  An ice beast (D:8)
  4 sky beasts
  7 orc warriors
  An ogre (D:6)
  A wolf (D:8)
  6 centaurs
  4 phantoms
  Blork the orc (D:6)
  2 kobold brigands
  2 bullfrogs
  2 necrophages
  3 scorpions
  9 killer bees (D:9)
  A vampire bat (D:3)
  An electric eel (D:9)
  2 howler monkeys
  2 hounds
  2 jellies
  10 orc priests
  An iguana (D:6)
  Ijyb (D:5)
  12 orc wizards
  2 killer bee simulacra (D:9)
  4 gnolls (D:4)
  15 adders
  3 white imps
  A howler monkey simulacrum (D:9)
  2 ufetubi
  4 worms
  A dart slug (D:3)
  37 orcs
  9 ball pythons
  2 bat skeletons (D:3)
  4 bat zombies (D:3)
  4 endoplasms
  6 giant cockroaches
  12 goblins
  6 hobgoblins
  15 jackals
  7 quokkas
  3 bats
  5 frilled lizards
  21 kobolds
  5 rats
324 creatures vanquished.

Vanquished Creatures (others)
  A kobold brigand (D:7)
  21 fungi
  19 plants
41 creatures vanquished.

Grand Total: 365 creatures vanquished

Notes
Turn   | Place    | Note
-------+----------+-------------------------------------------
     0 | D:1      | Zonian the Tengu Air Elementalist began the quest for the
                  | Orb.
     0 | D:1      | Reached XP level 1. HP: 10/10 MP: 4/4
   642 | D:1      | Reached XP level 2. HP: 15/15 MP: 3/6
  1366 | D:1      | Reached XP level 3. HP: 19/19 MP: 3/7
  1606 | D:1      | Learned a level 2 spell: Static Discharge
  2496 | D:2      | Reached XP level 4. HP: 24/24 MP: 1/8
  3081 | D:2      | Found an opulent altar of Gozag.
  3109 | D:2      | Became a worshipper of Gozag Ym Sagoz the Greedy
  3375 | D:2      | Gained mutation: Your magical nature lets you fly swiftly
                  | and evasively. [Tengu growth]
  3375 | D:2      | Reached XP level 5. HP: 28/28 MP: 2/10
  3607 | D:3      | Found a faded altar of an unknown god.
  3652 | D:3      | Found an ornate altar of the Wu Jian Council.
  3764 | D:3      | Found a stormy altar of Qazlal.
  4140 | D:3      | Reached skill level 5 in Air Magic
  4456 | D:3      | Found a radiant altar of Vehumet.
  4558 | D:3      | Found an ancient bone altar of Kikubaaqudgha.
  4794 | D:3      | Found a sparkling altar of Nemelex Xobeh.
  5387 | D:4      | Found a large runed translucent door.
  5387 | D:4      | Noticed a sky beast
  5388 | D:4      | Found a large runed translucent door.
  5390 | D:4      | Found a large runed translucent door.
  5390 | D:4      | Found a large runed translucent door.
  5407 | D:4      | Noticed a phantom
  5412 | D:4      | Killed a phantom
  5413 | D:4      | Reached XP level 6. HP: 21/32 MP: 2/11
  6132 | D:4      | Reached XP level 7. HP: 24/36 MP: 5/13
  6638 | D:4      | Reached skill level 6 in Air Magic
  7966 | D:4      | Reached skill level 5 in Conjurations
  8091 | D:4      | Learned a level 3 spell: Swiftness
  8096 | D:4      | Learned a level 4 spell: Airstrike
  8123 | D:5      | Entered Level 5 of the Dungeon
  8146 | D:5      | Noticed Menkaure
  8175 | D:5      | Reached XP level 8. HP: 29/41 MP: 10/15
  8481 | D:5      | Killed Menkaure
  8482 | D:5      | Reached skill level 5 in Dodging
  8562 | D:5      | Reached skill level 5 in Stealth
  8566 | D:5      | Reached skill level 7 in Air Magic
  9078 | D:5      | Noticed Ijyb
  9086 | D:5      | Killed Ijyb
  9358 | D:5      | Found a basalt altar of Yredelemnul.
  9680 | D:5      | Found Hoih's Antique Armour Shoppe.
  9688 | D:5      | Bought a glowing scarf for 240 gold pieces
  9688 | D:5      | Bought a smoking leather armour for 210 gold pieces
  9688 | D:5      | Identified the +2 leather armour of Meqeypre {Regen+} (You
                  | bought it in a shop on level 5 of the Dungeon)
 10133 | D:6      | Found a snail-covered altar of Cheibriados.
 10286 | D:6      | Reached skill level 8 in Air Magic
 10410 | D:6      | Noticed Blork the orc
 10749 | D:6      | Found a hazy altar of Hepliaklqana.
 10817 | D:6      | Killed Blork the orc
 10818 | D:6      | Reached XP level 9. HP: 45/45 MP: 10/16
 10958 | D:6      | Learned a level 2 spell: Poisonous Vapours
 10967 | D:6      | Found a hide-covered altar of Uskayaw.
 11111 | D:6      | Found a staircase to the Ecumenical Temple.
 11602 | D:7      | Noticed a white ugly thing
 11608 | D:7      | Killed a white ugly thing
 11609 | D:7      | Reached skill level 9 in Air Magic
 12349 | D:7      | Noticed a troll
 12658 | D:7      | Killed a troll
 12659 | D:7      | Reached skill level 10 in Air Magic
 13650 | D:7      | Reached XP level 10. HP: 50/50 MP: 12/17
 14261 | D:8      | Reached skill level 11 in Air Magic
 14837 | D:8      | Found a runed translucent door.
 14965 | D:8      | Noticed Prince Ribbit
 14980 | D:8      | Killed Prince Ribbit
 15262 | D:8      | Identified the +0 robe of the Forgotten Knives {-Tele rF+++
                  | Regen+ Int+2 Dex+4}
 15584 | D:8      | Noticed xian's ghost (novice VSCj)
 15700 | D:9      | Noticed a two-headed ogre
 15710 | D:9      | Found a shadowy altar of Dithmenos.
 16327 | D:9      | Found an iron altar of Okawaru.
 16372 | D:9      | Noticed a death yak
 16912 | D:9      | Found a glowing golden altar of the Shining One.
 16945 | D:9      | Found an opulent altar of Gozag.
 16948 | D:9      | Found a staircase to the Orcish Mines.
 16980 | D:9      | Found a transporter.
 16993 | D:9      | Noticed a torpor snail
 16995 | D:9      | Found a transporter.
 16999 | D:9      | Noticed a boulder beetle
 17045 | D:9      | Noticed a wolf spider
 17045 | D:9      | a torpor snail changed into a wolf spider
 17163 | D:9      | Found a bloodstained altar of Trog.
 17669 | D:9      | Reached skill level 12 in Air Magic
 17802 | D:9      | Reached skill level 10 in Dodging
 18029 | D:9      | Found a glowing silver altar of Zin.
 18031 | D:9      | Noticed a great orb of eyes
 18206 | D:10     | Entered Level 10 of the Dungeon
 18352 | D:10     | Noticed a two-headed ogre
 18729 | D:10     | Noticed a two-headed ogre
 18755 | D:10     | Killed a two-headed ogre
 18756 | D:10     | Reached skill level 1 in Short Blades
 18756 | D:10     | Reached skill level 10 in Stealth
 18756 | D:10     | Reached XP level 11. HP: 52/54 MP: 13/18
 18836 | D:10     | Killed a two-headed ogre
 18897 | D:10     | Found a shimmering altar of Xom.
 18948 | D:10     | Noticed a two-headed ogre
 18981 | D:10     | Found a flagged portal.
 20610 | D:11     | Noticed a two-headed ogre
 20976 | D:11     | Noticed a six-headed hydra
 21097 | D:11     | Found a staircase to the Lair.
 21209 | D:11     | Noticed Snorg
 21288 | D:11     | Noticed Maurice
 21459 | D:10     | Killed a two-headed ogre
 21542 | D:11     | Reached skill level 1 in Fighting
 21543 | D:11     | Killed a two-headed ogre
 21572 | D:11     | Killed Maurice
 21808 | Lair:1   | Entered Level 1 of the Lair of Beasts
 22587 | Lair:1   | Reached skill level 1 in Polearms
 22889 | Lair:1   | Reached XP level 12. HP: 22/64 MP: 12/20
 23005 | Lair:1   | Reached skill level 5 in Spellcasting
 24091 | Lair:2   | Noticed a six-headed hydra
 24287 | Lair:2   | Found a staircase to the Snake Pit.
 24291 | Lair:2   | Identified the +4 ring mail of Infinity {rN+ Int+7 Dex-3
                  | Slay+3}
 24584 | Lair:2   | Noticed Amaemon
 24608 | Lair:2   | Noticed Urug
 24782 | Lair:2   | Identified the +4 robe of the Hart {Str+2 Archmagi}
 24838 | Lair:2   | Learned a level 5 spell: Lightning Bolt
 24865 | Lair:2   | Reached skill level 5 in Polearms
 25119 | Lair:2   | Noticed an eight-headed hydra
 25127 | Lair:2   | Killed an eight-headed hydra
 25386 | Lair:2   | Upgraded the game from 0.29-a0-1008-g949cc1d0fb to
                  | 0.29-a0-1009-g60c99734e7
 25393 | Lair:2   | Killed Amaemon
 25394 | Lair:2   | Reached skill level 5 in Fighting
 26282 | Lair:2   | Reached skill level 1 in Shields
 26292 | Lair:2   | Reached XP level 13. HP: 17/74 MP: 5/24
 26365 | Lair:2   | HP: 2/74 [/static electricity (6)]
 26365 | Lair:2   | Killed from afar by themself

Illustrated notes

Levels and vault maps discovered:
D:1:      sevenhm_arrival_forest_fort_large_4, layout_basic, serial_glass,
          glass_columns_b, glass_columns_c, nicolae_eternal_life
D:2:      layout_basic, basic_altar, minmay_increasing_density
D:3:      minmay_inner_zag, layout_loops_ring, mainiacjoe_overflow_brackets,
          nicolae_overflow_ecumenical_swirl, nicolae_qazlal_eye_of_the_storm,
          marbit_many_paths, kennysheep_vampire_church
D:4:      minmay_chambers_of_twos, layout_cave_pods,
          hangedman_decor_clover_reticule, minmay_hollow_rounded_squares
D:5:      layout_basic, mainiacjoe_overflow_concentric_impassable, serial_shops,
          shop, uniq_ijyb, uniq_menkaure
D:6:      layout_basic, mainiacjoe_overflow_boulevard,
          mainiacjoe_overflow_paths, nicolae_uskayaw_dance_hall,
          minmay_temple_entry_poolview, uniq_blork_the_orc
D:7:      layout_basic
D:8:      layout_basic, ebering_ghost_reflecting_pool, grunt_ministairs_11,
          uniq_prince_ribbit1
D:9:      layout_basic, old_standard_altar, nicolae_gozag_seed_capital,
          gammafunk_temple_overflow_arena, grunt_dithmenos_smoke_and_mirrors,
          mainiacjoe_overflow_catwalk_spiral, orc_0_dummy, serial_ice,
          serial_ice_g, serial_ice_a, serial_ice_b, serial_ice_j,
          nicolae_figureground_pulse
D:10:     layout_grid_maze, xom_teletrap_fun, enter_bailey_5, chequers_jeans
D:11:     layout_basic, erik_lair_orcish_takeover, nicolae_shop_fire_sale
          [nicolae_sub_dead_trees], uniq_maurice, uniq_snorg
Lair:1:   layout_gridlike, chequers_serial_rivers_micro_d, serial_bayou_shore_a,
          infiniplex_staircase_pool_2
Lair:2:   layout_cave_pods, nicolae_swamp_entry_splash_gauntlet,
          minmay_snake_entry_six_corridors, lemuel_fruit_tree, uniq_urug,
          uniq_amaemon

Skill      XL: |  1  2  3  4  5  6  7  8  9 10 11 12 |
---------------+-------------------------------------+-----
Conjurations   | 2 3 4 5 |  5.0
Dodging        | 3 4 6 8 10 11 | 11.5
Stealth        | 3 4 6 8 10 11 | 11.4
Air Magic      | 5 6 8 10 12 | 12.9
Spellcasting   | 3 4 6 |  6.7
Short Blades   | 1 4 |  4.4
Fighting       | 2 5 |  5.7
Polearms       | 1 7 |  7.4
Shields        | 1 |  1.6

Action                   |  1- 3 |  4- 6 |  7- 9 | 10-12 | 13-15 || total
-------------------------+-------+-------+-------+-------+-------++-------
Melee: Unarmed           |     2 |       |       |       |       ||     2
       Peck              |     1 |     7 |    14 |    47 |     2 ||    71
       Short sword       |     4 |    37 |    48 |    47 |       ||   136
       Kick              |     1 |    13 |    20 |    70 |     2 ||   106
       Punch             |     1 |       |       |     2 |       ||     3
       Dagger            |       |       |       |    42 |       ||    42
       Demon trident     |       |       |       |    75 |     4 ||    79
 Cast: Shock             |    81 |   125 |   157 |   280 |       ||   643
       Static Discharge  |       |    14 |    47 |   140 |     3 ||   204
       Airstrike         |       |       |     5 |     7 |       ||    12
       Swiftness         |       |       |       |     1 |       ||     1
       Poisonous Vapours |       |       |       |     1 |       ||     1
       Lightning Bolt    |       |       |       |     6 |       ||     6
Invok: Potion Petition   |       |       |     1 |     2 |       ||     3
Evoke: Wand              |       |       |     8 |    24 |       ||    32
       Box of beasts     |       |       |       |     1 |       ||     1
  Use: Scroll            |     9 |     3 |     4 |    10 |     1 ||    27
       Potion            |       |       |     1 |     6 |       ||     7
 Stab: Sleeping          |       |     1 |     2 |     9 |       ||    12
Armor: Robe              |     5 |    22 |     6 |     9 |     1 ||    43
       Leather armour    |       |       |    13 |    35 |       ||    48
       Ring mail         |       |       |       |     3 |       ||     3
Dodge: Dodged            |     5 |    62 |    76 |   269 |     1 ||   413
Block: Other             |       |       |    22 |    39 |       ||    61
       Reflection        |       |       |     2 |     6 |       ||     8
       Buckler           |       |       |       |    72 |     7 ||    79

Table legend: (Time is in decaauts)
 A = Elapsed time spent in this place.
 B = Non-inter-level travel time spent in this place.
 C = Inter-level travel time spent in this place.
 D = Time resting spent in this place.
 E = Time spent auto-exploring this place.
 F = Levels seen in this place.
 G = Mean time per level.
                   A        B        C        D        E       F      G
               +--------+--------+--------+--------+--------+-----+--------+
         Total |  25443 |  24721 |    722 |  10844 |   9812 |  13 | 1957.2 |
       Dungeon |  21061 |  20397 |    664 |   8358 |   8952 |  11 | 1914.6 |
          Lair |   4382 |   4324 |     58 |   2485 |    859 |   2 | 2191.0 |
               +--------+--------+--------+--------+--------+-----+--------+

Top non-repeatable levels by time:
     D:4: 3165 daAuts
    D:10: 2787 daAuts
     D:9: 2381 daAuts
  Lair:1: 2316 daAuts
     D:7: 2273 daAuts
     D:6: 2089 daAuts
  Lair:2: 2065 daAuts
     D:1: 1973 daAuts
     D:3: 1813 daAuts
     D:8: 1553 daAuts
     D:2: 1489 daAuts
     D:5: 1205 daAuts
    D:11: 330 daAuts
